 Dungeon Crawl Stone Soup version 0.30-a0-159-g068b764562 (webtiles) character file.

Game seed: 10376449593625285605

62 ryw the Trooper (level 3, -7/32 HPs)
             Began as a Demonspawn Monk on Sept 27, 2022.
             Mangled by an orc
             ... wielding a +0 morningstar
              (11 damage)
             ... on level 3 of the Dungeon.
             The game lasted 00:01:58 (2082 turns).

ryw the Trooper (Demonspawn Monk)                   Turns: 2082, Time: 00:01:59

Health: -7/32      AC:  2    Str: 13    XL:     3   Next: 85%
Magic:  3/3        EV: 12    Int: 11    God:
Gold:   67         SH:  0    Dex: 15    Spells: 2/2 levels left

rFire   . . .      SeeInvis .      - Unarmed
rCold   . . .      Faith    .    (no shield)
rNeg    . . .      Spirit   .    a - +0 robe
rPois   .          Reflect  .    (no helmet)
rElec   .          Harm     .    (no cloak)
rCorr   .          Rampage  .    (no gloves)
Will    .....                    (no boots)
Stlth   ++........               (no amulet)
HPRegen 0.10/turn                (no ring)
MPRegen 0.08/turn                (no ring)

@: no status effects
A: demonic magic 1, weakness stinger 1
a: no special abilities


You were on level 3 of the Dungeon.
You visited 1 branch of the dungeon, and saw 3 of its levels.

You collected 67 gold pieces.

Inventory:

Missiles
 c - 38 stones (quivered)
 g - 2 javelins
Armour
 a - a +0 robe (worn)
 j - a +0 leather armour
Jewellery
 i - a +6 ring of strength
Scrolls
 d - 3 scrolls of teleportation {unknown}
 e - 4 scrolls of blinking {unknown}
 f - 2 scrolls of poison {unknown}
 h - a scroll of enchant armour {unknown}
 k - a scroll of magic mapping {unknown}
Potions
 b - a potion of ambrosia
 l - a potion of brilliance {unknown}
 m - a potion of curing {unknown}


   Skills:
 + Level 4.8 Fighting
 - Level 2.6 Dodging
 - Level 1.7 Stealth
 - Level 2.6 Unarmed Combat


You had 2 spell levels left.
You didn't know any spells.
Your spell library contained the following spells:

 Spells                   Type           Power      Damage    Failure   Level
 Kindle Blastsparks       Fire/Tloc/Air  0%         2d10      71%         3
 Fulminant Prism          Conj/Hex       0%         3d6       98%         4
 Iskenderun's Mystic Bla  Conj/Tloc      0%         2d3       98%         4
 Lee's Rapid Deconstruct  Erth           0%         3d5*      100%        5


Dungeon Overview and Level Annotations

Branches:
Dungeon (3/15)

Altars:


Innate Abilities, Weirdness & Mutations

Spells you cast may paralyse adjacent enemies.
You have a small tail.


Message History

The orc is almost dead.
You hit the orc.
You kill the orc!
The orc hits you with a +0 dagger.
You hit the orc but do no damage. You tail-slap the orc.
The orc is severely wounded.
The orc hits you with a +0 dagger.
You hit the orc.
You kill the orc!
An orc comes into view. It is wielding a +0 club.
Things that are here:
a +0 dagger; a +0 leather armour An orc comes into view.
It is wielding a +0 morningstar.
The orc hits you with a +0 club.
You hit the orc but do no damage. The orc closely misses you.
You closely miss the orc. The orc closely misses you.
You hit the orc. You tail-slap the orc.
The orc is severely wounded.
The orc hits you with a +0 club.
You hit the orc.
Your tail-slap misses the orc.
The orc is almost dead.
The orc hits you with a +0 club.
You hit the orc.
You kill the orc!
You closely miss the orc. The orc barely misses you.
You completely miss the orc. You tail-slap the orc.
The orc is lightly wounded.
The orc hits you with a +0 morningstar!
* * * LOW HITPOINT WARNING * * *
You are too injured to fight recklessly!
You are too injured to fight recklessly!
You are too injured to fight recklessly!
You are too injured to fight recklessly!
You closely miss the orc. The orc closely misses you.
You hit the orc but do no damage. The orc hits you with a +0 morningstar.
* * * LOW HITPOINT WARNING * * *
You hit the orc but do no damage.
You tail-slap the orc, but do no damage.
The orc hits you with a +0 morningstar!
You die...

.. .......# ####
#...##.# ...#
#.#.##.# ...#
#.#.##.#
...###.#.##.###
...[..........#
...##....##.#.#
...).....##.#.#####.#
....#...###.†.).@o..#
....<..## ###)#####.#
....#### #.# ....#
#.# ..### #.# ..# #.#
..# #.# ..# #.# ...


You could see an orc.

Vanquished Creatures
  An adder (D:2)
  2 dart slugs
  3 orcs (D:3)
  2 bats
  3 endoplasms (D:1)
  2 giant cockroaches
  3 hobgoblins
  4 jackals (D:2)
  2 quokkas (D:1)
  8 ball pythons
  5 frilled lizards
  2 goblins
  5 kobolds
  3 rats (D:1)
45 creatures vanquished.

Notes
Turn   | Place    | Note
-------+----------+-------------------------------------------
     0 | D:1      | ryw the Demonspawn Monk began the quest for the Orb.
     0 | D:1      | Reached XP level 1. HP: 18/18 MP: 1/1
   294 | D:1      | Gained mutation: Spells you cast may paralyse adjacent
                  | enemies. [demonic ancestry]
   294 | D:1      | Reached XP level 2. HP: 10/24 MP: 2/2
   741 | D:1      | Reached skill level 4 in Fighting
   853 | D:1      | Found a faded altar of an unknown god.
  1264 | D:2      | Discovered your monstrous ancestry.
  1264 | D:2      | Gained mutation: You have a small tail. [demonic ancestry]
  1264 | D:2      | Reached XP level 3. HP: 30/30 MP: 3/3
  1445 | D:2      | You fall into a shaft and drop 1 floor!
  2082 | D:3      | Mangled by an orc

Illustrated notes

Levels and vault maps discovered:
D:1:      minmay_arrival_floating_metal, layout_loops_cross,
          shapermc_ecumenical_altar_mp_ritualfount, st_stairs_10
D:2:      layout_basic, uniq_terence
D:3:      layout_loops_ring

Skill      XL: |  1  2 |
---------------+-------+-----
Fighting       | 4 |  4.8
Dodging        | |  2.6
Stealth        | |  1.7
Unarmed Combat | |  2.6

Action                   || total
-------------------------++-------
Melee: Unarmed           ||   164
       Punch             ||     3
       Tailslap          ||    15
 Stab: Sleeping          ||     5
       Distracted        ||     1
Armor: Robe              ||    31
Dodge: Dodged            ||    80

Table legend: (Time is in decaauts)
 A = Elapsed time spent in this place.
 B = Non-inter-level travel time spent in this place.
 C = Inter-level travel time spent in this place.
 D = Time resting spent in this place.
 E = Time spent auto-exploring this place.
 F = Levels seen in this place.
 G = Mean time per level.
                   A        B        C        D        E       F      G
               +--------+--------+--------+--------+--------+-----+--------+
         Total |   2096 |   2030 |     66 |    138 |   1568 |   3 |  698.7 |
       Dungeon |   2096 |   2030 |     66 |    138 |   1568 |   3 |  698.7 |
               +--------+--------+--------+--------+--------+-----+--------+

Top non-repeatable levels by time:
     D:1: 1246 daAuts
     D:2: 771 daAuts
     D:3: 79 daAuts
